 Dungeon Crawl Stone Soup version 0.27-a0-1202-ge72e49191c (webtiles) character file.

Game seed: 3708530297146039710

19215 Ijustatesigmund the Severer (level 12, -7/117 HPs)
             Began as a Minotaur Berserker on June 3, 2021.
             Was a High Priest of Trog.
             Mangled by an orc knight
             ... wielding a +2 scimitar of distortion
              (14 damage)
             ... on level 12 of the Dungeon.
             The game lasted 00:18:30 (13400 turns).

Ijustatesigmund the Severer (Minotaur Berserker)   Turns: 13400, Time: 00:18:30

Health: -7/117     AC: 18    Str: 18    XL:     12   Next: 34%
Magic:  11/11      EV: 14    Int: 13    God:    Trog [*****.]
Gold:   601        SH:  5    Dex: 15    Spells: 11/11 levels left

rFire    . . .     SeeInvis .   h - +9 hand axe of Zeric {vorpal, Fly rElec Str-4 Int+4}
rCold    . . .     Faith    .   (no shield)
rNeg     . . .     Spirit   .   D - +5 ring mail of the Equinox {rElec Will- Int+5}
rPois    .         Reflect  +   (helmet restricted)
rElec    +         Harm     .   i - +1 cloak
rCorr    +         Rampage  .   (no gloves)
Will     .....                  (no boots)
Stlth    +.........             E - amulet of reflection
HPRegen  0.29/turn              f - +4 ring of protection
MPRegen  0.12/turn              A - ring of resist corrosion

@: on berserk cooldown, flying
A: horns 2, retaliatory headbutt
a: Renounce Religion, Berserk, Trog's Hand, Brothers in Arms


You were on level 12 of the Dungeon.
You worshipped Trog.
Trog was extremely pleased with you.
You visited 1 branch of the dungeon, and saw 12 of its levels.

You collected 901 gold pieces.
You spent 300 gold pieces at shops.

Inventory:

Hand Weapons
 h - the +9 hand axe of Zeric (weapon) {vorpal, Fly rElec Str-4 Int+4}
   (You found it on level 4 of the Dungeon)

   It inflicts extra damage upon your enemies.
   It affects your strength (-4).
   It affects your intelligence (+4).
   It insulates you from electricity.
   It grants you flight.
 u - a +4 battleaxe
 v - a +1 battleaxe of flaming
 x - a +2 flail of protection
Missiles
 y - 3 throwing nets
Armour
 b - a +0 chain mail
 i - a +1 cloak (worn)
 D - the +5 ring mail of the Equinox (worn) {rElec Will- Int+5}
   (You found it on level 8 of the Dungeon)

   It affects your intelligence (+5).
   It insulates you from electricity.
   It decreases your willpower.
Jewellery
 c - a ring of willpower
 f - a +4 ring of protection (left hand)
 A - a ring of resist corrosion (right hand)
 C - a +6 ring of intelligence
 E - an amulet of reflection (around neck)
Wands
 z - a wand of paralysis (7)
 H - a wand of flame (14)
 I - a wand of iceblast (9)
Scrolls
 n - 2 scrolls of immolation
 r - 2 scrolls of teleportation
 s - 4 scrolls of identify
 w - 2 scrolls of enchant weapon
 F - a scroll of magic mapping
Potions
 d - 5 potions of haste
 e - a potion of ambrosia {unknown}
 g - 4 potions of lignification
 j - 3 potions of curing
 k - 2 potions of berserk rage
 l - 2 potions of cancellation
 m - a potion of attraction {unknown}
 o - 2 potions of invisibility
 p - a potion of mutation {unknown}
 q - a potion of brilliance {unknown}
 t - a potion of heal wounds {unknown}
 B - a potion of flight
Miscellaneous
 G - a piece from Xom's chessboard (15/15)


   Skills:
 + Level 14.1 Fighting
 + Level 15.0 Axes
 - Level 9.1 Armour
 - Level 7.8 Dodging
 + Level 3.7 Evocations


You had 11 spell levels left.
You didn't know any spells.
Your spell library was empty.

Dungeon Overview and Level Annotations

Branches:
Dungeon (12/15)            Temple (0/1) D:4            Lair (0/6) D:8
    Orc (0/2) D:12

Altars:
Ashenzari
Dithmenos
Elyvilon
Kikubaaqudgha
Makhleb
Qazlal
Sif Muna
Zin

Shops:
D:1 (   D:5 [   D:8 *   D:9 [   D:12 (

Portals:
Abyss: D:12

Annotations:
D:12 1 transporter, fly's ghost, journeyman OpIE


Innate Abilities, Weirdness & Mutations

You have a pair of horns on your head.
You reflexively headbutt those who attack you in melee.


Message History

* * * LOW HITPOINT WARNING * * *
You barely miss fly's ghost.
Fly's ghost is heavily damaged.
You miss fly's ghost. Your headbutt misses fly's ghost.
Fly's ghost is heavily damaged.
You miss fly's ghost. Your headbutt misses fly's ghost.
Fly's ghost is heavily damaged.
Fly's ghost waves its tentacles in wide circles.
The air twists around and strikes you!!
* * * LOW HITPOINT WARNING * * *
You slash fly's ghost!
Fly's ghost is heavily damaged.
You hit fly's ghost but do no damage.
Fly's ghost is heavily damaged.
You are no longer berserk.
You are exhausted.
You feel yourself slow down. You block fly's ghost's attack.
Blink to where?
Press: ? - help, Dir - move target
As you read the scroll of blinking, it crumbles to dust.
Fly's ghost waves its tentacles in wide circles.
The air twists around and strikes you!
* * * LOW HITPOINT WARNING * * *
Okay, then.
As you read the scroll of teleportation, it crumbles to dust.
You feel strangely unstable.
Okay, then.
It was a potion of cancellation.
You feel strangely stable.
Your magical effects are unravelling.
You feel magically purged.
You feel yourself speed up.
You are no longer corroded.
The orc knight shouts!
The orc knight barely misses you.
It was a potion of flight.
You feel more buoyant.
The orc knight hits you with a +2 scimitar of distortion.
* * * LOW HITPOINT WARNING * * *
Space warps horribly around you!
You die...

#..?♣#.####©##.###.#
##...#.#.♣#.†.#♣♣.#.# #
#....#.##.#.##..#(#.# #
#...##.^†...^###.##.# #
#..##.†.###.####.#..#
#..♣#...#.##.#∩.##.##
#...##§##..#...#♣..#
#.#..###..##.W.#...#
#.....©...#.#@o#...#
##.......##.##.♣##.###########
#...##### .G.#..#..........#.
#..##.##o.### ####..........#
#..#X4..# #©## #$#....#.....#
#..#####.##..##.##....#.....+
##.....####....###..#.......##
##..#................#.......##
#..............................


You could see an orc knight and fly's ghost.

Vanquished Creatures
  A great orb of eyes (D:12)
  Harold (D:8)
  4 two-headed ogres
  A hell hog (D:12)
  Pikel (D:9)
  A deep elf pyromancer (D:12)
  2 manticores
  A cyclops (D:9)
  3 ugly things
  A rust devil (D:12)
  Maggie (D:8)
  A cane toad (shapeshifter) (D:12)
  A gargoyle (D:11)
  3 unseen horrors
  A komodo dragon (D:11)
  A meliai (shapeshifter) (D:12)
  3 hornets
  2 trolls
  15 yaks
  A wraith (D:7)
  A vampire (D:12)
  Grum (D:8)
  3 steam dragons
  2 vampire mosquitoes (D:12)
  2 acid dragons (D:12)
  4 orc warriors
  4 ice beasts
  3 wolves (D:8)
  2 black bears
  A centaur (D:8)
  2 ogres
  A phantom (D:4)
  A kobold brigand (D:7)
  2 bullfrogs (D:8)
  2 scorpions
  A wyvern zombie (D:8)
  A water moccasin zombie (D:6)
  A wyvern skeleton (D:7)
  11 killer bees
  10 wights
  2 electric eels (D:7)
  3 centaur zombies
  2 gnoll shamans
  An orc priest (D:6)
  Crazy Yiuf (D:3)
  2 centaur skeletons
  2 hounds
  2 jellies
  3 iguanas (D:5)
  Natasha (thrice) (D:4)
  3 orc wizards
  A killer bee zombie (D:9)
  A hound zombie (D:5)
  3 howler monkey zombies (D:9)
  Robin (D:3)
  8 adders
  13 gnolls
  A shadow imp (D:6)
  A white imp (D:6)
  2 ufetubi (D:5)
  2 worms
  10 dart slugs
  30 orcs
  3 ball pythons
  7 bats
  9 endoplasms
  3 giant cockroaches
  19 goblins
  12 hobgoblins
  3 jackals (D:4)
  20 kobolds
  3 quokkas
  2 frilled lizards
278 creatures vanquished.

Vanquished Creatures (others)
  A human (D:6)
  A dart slug (D:7)
  11 fungi (D:8)
  25 plants
38 creatures vanquished.

Grand Total: 316 creatures vanquished

Notes
Turn   | Place    | Note
-------+----------+-------------------------------------------
     0 | D:1      | Ijustatesigmund the Minotaur Berserker began the quest for
                  | the Orb.
     0 | D:1      | Reached XP level 1. HP: 19/19 MP: 0/0
    93 | D:1      | Reached skill level 4 in Axes
   128 | D:1      | Reached XP level 2. HP: 25/27 MP: 1/1
   281 | D:1      | Found Lurheawy's Antique Weapon Emporium.
   500 | D:1      | Reached ** piety under Trog
   651 | D:1      | Reached XP level 3. HP: 32/33 MP: 2/2
   980 | D:2      | Reached skill level 5 in Axes
   980 | D:2      | Reached XP level 4. HP: 36/41 MP: 3/3
  1272 | D:2      | Found a faded altar of an unknown god.
  1602 | D:3      | Found a runed translucent door.
  1603 | D:3      | Noticed Crazy Yiuf
  1610 | D:3      | Killed Crazy Yiuf
  1611 | D:3      | Reached skill level 6 in Axes
  1645 | D:3      | Reached XP level 5. HP: 47/47 MP: 4/4
  1671 | D:3      | Noticed an ice beast
  1680 | D:3      | Killed an ice beast
  1681 | D:3      | Reached skill level 5 in Fighting
  1935 | D:3      | Found a white marble altar of Elyvilon.
  1935 | D:3      | Found a broken altar of Ashenzari.
  2040 | D:3      | Reached *** piety under Trog
  2146 | D:3      | Noticed Robin
  2152 | D:3      | Reached skill level 7 in Axes
  2156 | D:3      | Reached XP level 6. HP: 56/56 MP: 5/5
  2166 | D:3      | Killed Robin
  2210 | D:3      | Found a shimmering blue altar of Sif Muna.
  2959 | D:4      | Reached skill level 8 in Axes
  2959 | D:4      | Reached XP level 7. HP: 42/63 MP: 6/6
  3005 | D:4      | Found a staircase to the Ecumenical Temple.
  3128 | D:4      | Identified the +9 hand axe of Zeric {vorpal, Fly rElec
                  | Str-4 Int+4}
  3286 | D:4      | Noticed Natasha
  3290 | D:4      | Killed Natasha
  3321 | D:4      | Noticed Natasha
  3328 | D:4      | Killed Natasha
  3422 | D:4      | Noticed Natasha
  3428 | D:4      | Killed Natasha
  3428 | D:4      | Reached **** piety under Trog
  3566 | D:5      | Entered Level 5 of the Dungeon
  3588 | D:5      | Identified the +1 robe "Hasimet" {rPois rC- Will+}
  3655 | D:5      | Found a glowing silver altar of Zin.
  3772 | D:5      | Reached skill level 9 in Axes
  3934 | D:5      | Found Saorchu's Armour Emporium.
  4589 | D:6      | Reached XP level 8. HP: 69/73 MP: 7/7
  4725 | D:6      | Found a burning altar of Makhleb.
  4734 | D:6      | Found a stormy altar of Qazlal.
  5117 | D:6      | Reached skill level 10 in Axes
  5597 | D:6      | Found an ancient bone altar of Kikubaaqudgha.
  5871 | D:7      | Reached skill level 5 in Armour
  5892 | D:7      | Reached ***** piety under Trog
  6177 | D:7      | Reached XP level 9. HP: 68/82 MP: 8/8
  6651 | D:7      | Reached skill level 11 in Axes
  7002 | D:8      | Paralysed by a hornet for 2 turns
  7014 | D:8      | Reached skill level 10 in Fighting
  7195 | D:8      | Noticed Harold
  7205 | D:8      | Killed Harold
  7206 | D:8      | Reached XP level 10. HP: 57/94 MP: 9/9
  7657 | D:8      | Noticed Maggie
  7670 | D:8      | Killed Maggie
  7671 | D:8      | Reached skill level 12 in Axes
  7753 | D:8      | Identified the +5 ring mail of the Equinox {rElec Will-
                  | Int+5}
  7834 | D:8      | Noticed Grum
  8076 | D:8      | Found a staircase to the Lair.
  8207 | D:8      | Paralysed by a hornet for 3 turns
  8462 | D:8      | Found Hycoymid's General Store.
  8494 | D:8      | Bought an amulet of reflection for 300 gold pieces
  8770 | D:8      | Killed Grum
  9403 | D:9      | Noticed a cyclops
  9415 | D:9      | Killed a cyclops
  9418 | D:9      | Identified the +7 spear "Grim" {drain, rF+ Int+4}
  9633 | D:9      | Found Jaxe Cue's Armour Boutique.
  9739 | D:9      | Noticed Pikel
  9747 | D:9      | Killed Pikel
  9748 | D:9      | Reached skill level 13 in Axes
  9771 | D:9      | Found a shadowy altar of Dithmenos.
  9862 | D:10     | Entered Level 10 of the Dungeon
  9942 | D:10     | Reached skill level 5 in Dodging
  9951 | D:10     | Reached XP level 11. HP: 100/104 MP: 10/10
 10140 | D:10     | Noticed a two-headed ogre
 10148 | D:10     | Killed a two-headed ogre
 10148 | D:10     | Received a gift from Trog
 10540 | D:10     | Noticed a two-headed ogre
 10552 | D:10     | Killed a two-headed ogre
 11287 | D:11     | Noticed a two-headed ogre
 11292 | D:11     | Killed a two-headed ogre
 11292 | D:11     | Noticed a two-headed ogre
 11298 | D:11     | Killed a two-headed ogre
 11365 | D:11     | Reached skill level 14 in Axes
 12084 | D:11     | Noticed a purple ugly thing
 12094 | D:11     | Killed a purple ugly thing
 12233 | D:12     | Found a transporter.
 12233 | D:12     | Noticed a thrashing horror
 12233 | D:12     | Noticed an orc knight
 12239 | D:12     | Found a transporter.
 12257 | D:12     | Found a staircase to the Orcish Mines.
 12340 | D:12     | Found Filinem's Weapon Shop.
 12425 | D:12     | Reached skill level 1 in Evocations
 12680 | D:12     | Reached XP level 12. HP: 61/115 MP: 11/11
 13117 | D:12     | Noticed fly's ghost (journeyman OpIE)
 13133 | D:12     | Noticed a hell hog
 13158 | D:12     | Found a one-way gate to the infinite horrors of the Abyss.
 13176 | D:12     | Noticed a great orb of eyes
 13188 | D:12     | Killed a hell hog
 13267 | D:12     | Killed a great orb of eyes
 13268 | D:12     | Reached skill level 15 in Axes
 13400 | D:12     | Mangled by an orc knight

Illustrated notes

Levels and vault maps discovered:
D:1:      lightli_arrival_isolated_outpost, layout_basic, serial_shops,
          nicolae_shop_crystal
D:2:      layout_rooms, ebering_ecumenical_altar_box
D:3:      layout_basic, gammafunk_temple_overflow_statue,
          nicolae_sif_muna_little_library, saegor_snake_ambush, uniq_robin,
          uniq_crazy_yiuf_cottage
D:4:      layout_loops_ring, temple_pool_b, uniq_natasha
D:5:      layout_loops_ring, kennysheep_little_box, serial_shops,
          nicolae_shop_stone
D:6:      layout_loops_corners, amethyst_overflow_temple_binary,
          tgw_kikubaaqudgha
D:7:      kennysheep_slugbush, layout_basic
D:8:      layout_layer_cave, grunt_lair_entry_orc_guard_hut, enter_bailey_4,
          serial_shops, shop_statue, uniq_grum, uniq_harold, uniq_maggie
D:9:      layout_rooms, old_standard_altar, serial_shops, shop,
          grunt_decor_resistance, uniq_pikel
D:10:     minmay_klotski, layout_loops_corners
D:11:     layout_loops_corners
D:12:     layout_gridville, orc_david_3, gammafunk_ghost_abyssal_escape,
          kennysheep_small_circle

Skill      XL: |  1  2  3  4  5  6  7  8  9 10 11 12 |
---------------+-------------------------------------+-----
Axes           | 4 5 6 7 8 9 10 11 13 14 15 | 15.0
Fighting       | 4 5 6 7 8 10 12 13 14 | 14.1
Armour         | 3 5 8 9 |  9.1
Dodging        | 5 7 |  7.8
Evocations     | 1 3 |  3.7

Action                   |  1- 3 |  4- 6 |  7- 9 | 10-12 || total
-------------------------+-------+-------+-------+-------++-------
Melee: Hand axe          |    44 |   123 |   232 |   424 ||   823
       Headbutt          |     9 |    23 |    40 |    89 ||   161
Invok: Berserk           |       |     2 |     1 |     2 ||     5
       Trog's Hand       |       |       |     1 |     2 ||     3
Evoke: Piece from Xom's  |       |       |       |     1 ||     1
  Use: Scroll            |       |     4 |    11 |     4 ||    19
       Potion            |       |       |       |     3 ||     3
 Stab: Sleeping          |       |     2 |       |       ||     2
Armor: Animal skin       |    27 |    39 |    20 |       ||    86
       Chain mail        |       |       |    94 |    53 ||   147
       Ring mail         |       |       |       |   118 ||   118
Dodge: Dodged            |    37 |    73 |    79 |   141 ||   330
Block: Other             |       |       |       |    49 ||    49

Table legend: (Time is in decaauts)
 A = Elapsed time spent in this place.
 B = Non-inter-level travel time spent in this place.
 C = Inter-level travel time spent in this place.
 D = Time resting spent in this place.
 E = Time spent auto-exploring this place.
 F = Levels seen in this place.
 G = Mean time per level.
                   A        B        C        D        E       F      G
               +--------+--------+--------+--------+--------+-----+--------+
         Total |  13241 |  12954 |    287 |   1114 |  10312 |  12 | 1103.4 |
       Dungeon |  13241 |  12954 |    287 |   1114 |  10312 |  12 | 1103.4 |
               +--------+--------+--------+--------+--------+-----+--------+

Top non-repeatable levels by time:
     D:8: 2266 daAuts
     D:6: 1496 daAuts
    D:11: 1356 daAuts
     D:4: 1132 daAuts
    D:12: 1127 daAuts
     D:1: 975 daAuts
     D:7: 972 daAuts
     D:3: 930 daAuts
    D:10: 914 daAuts
     D:9: 854 daAuts
     D:5: 664 daAuts
     D:2: 549 daAuts
